Map: [ESL] Stargazers

Players

Bly

  • Race: Zerg Zerg
  • Spawn Location: 11:00

ShoWTimE - Winner!

  • Race: Protoss Protoss
  • Spawn Location: 1:00

Event: DreamHack SC2 Masters 2022 Atlanta (Online)

VOD

Have the link to the VOD?

Description

Time

  • Played on: Sept. 28, 2022, 1:08 p.m.
  • Length: 6:52

All games in this series

Show
View Real Time Build Order
Export as new Build Order

Bly Zerg 

Build Orders: Pool First 

Get SALT Encoding   

  12  0:00  Drone  
  13  0:12  Overlord  
  13  0:17  Drone  
  14  0:32  Drone  
  14  0:33  Drone  
  16  0:40  Spawning Pool  
  15  0:45  Drone  
  16  0:51  Drone  
  17  1:15  Hatchery  
  16  1:28  Zergling x6  
  19  1:44  Hatchery  
  18  1:49  Drone, Extractor  
  18  1:53  Drone  
  19  1:56  Evolution Chamber  
  19  2:03  Drone  
  21  2:29  Hatchery  
  19  2:32  Drone  
  19  2:33  Drone x2  
  21  2:47  Overlord  
  21  2:50  Queen, Extractor  
  21  2:58  Roach Warren  
  21  2:59  Queen  
  21  3:03  Zergling x4  
  26  3:07  Drone x2  
  28  3:14  Metabolic Boost  
  27  3:21  Zergling x4  
  27  3:22  Spore Crawler  
  25  3:39  Drone  
  25  3:41  Zergling x2  
  25  3:45  Queen  
  26  3:55  Zergling x2  
  26  3:57  Zergling x6  
  30  4:03  Zergling x2  
  31  4:13  Zergling x8  
  31  4:15  Zergling x2  
  35  4:21  Overlord  
  33  4:26  Zergling x2  
  33  4:35  Zergling x2  
  28  4:48  Zergling x2  
  29  4:53  Zergling x14  
  33  5:07  Zergling x2  
  33  5:08  Zergling x6  
  34  5:22  Zergling x2  
  30  5:43  Drone x10  
  38  6:02  Roach Warren  
  35  6:05  Zergling x12  
  36  6:19  Hatchery  
  36  6:25  Zergling x6  
  38  6:28  Zergling x4  
  38  6:30  Zergling x2  
Show
View Real Time Build Order
Export as new Build Order

ShoWTimE Protoss - Winner!

Build Orders:  

Get SALT Encoding   

  12  0:00  Probe  
  13  0:12  Probe  
  14  0:19  Pylon  
  14  0:24  Probe  
  15  0:37  Probe (Chrono Boost)  
  15  0:40  Gateway  
  16  0:46  Probe (Chrono Boost)  
  16  0:47  Assimilator  
  17  0:51  Probe (Chrono Boost)  
  18  1:03  Probe  
  19  1:16  Probe  
  20  1:21  Pylon  
  20  1:27  Zealot (Chrono Boost)  
  20  1:28  Cybernetics Core  
  20  1:31  Probe  
  23  1:44  Probe  
  23  2:03  Adept (Chrono Boost), Warp Gate (Chrono Boost)  
  25  2:11  Pylon  
  25  2:13  Shield Battery  
  25  2:17  Gateway  
  25  2:25  Adept (Chrono Boost)  
  27  2:36  Probe  
  28  2:44  Nexus  
  28  2:48  Probe  
  28  2:49  Gateway  
  31  3:00  Stalker  
  31  3:02  Gateway  
  31  3:05  Probe  
  32  3:17  Probe  
  33  3:21  Assimilator  
  33  3:29  Probe  
  34  3:36  Twilight Council  
  34  3:41  Probe  
  34  3:42  Shield Battery  
  34  3:46  Adept x2  
  39  3:56  Probe (Chrono Boost)  
  39  3:59  Adept  
  39  4:01  Probe (Chrono Boost)  
  43  4:06  Probe (Chrono Boost)  
  43  4:08  Adept  
  44  4:12  Probe  
  44  4:13  Adept, Resonating Glaives (Chrono Boost)  
  47  4:21  Probe  
  47  4:24  Probe  
  49  4:28  Stalker  
  51  4:33  Probe  
  51  4:36  Probe  
  53  4:42  Pylon  
  53  4:45  Probe  
  54  4:46  Pylon  
  54  4:57  Robotics Facility  
  54  5:00  Probe  
  54  5:05  Probe  
  55  5:07  Adept x3  
  61  5:17  Probe, Pylon  
  61  5:20  Probe  
  61  5:27  Assimilator  
  61  5:28  Adept x2  
  61  5:29  Assimilator  
  61  5:30  Adept  
  61  5:33  Probe  
  69  5:35  Probe  
  69  5:38  Pylon  
  68  5:51  Observer  
  68  5:53  Adept x3  
  75  5:57  Probe  
  75  6:01  Probe  
  76  6:09  Probe  
  77  6:14  Probe  
  77  6:21  Probe, Pylon  
  77  6:24  Nexus  
  78  6:26  Pylon  
  78  6:31  Pylon  
  78  6:39  Probe x2  
  80  6:41  Adept x2  
  80  6:46  Adept  
Tags
 
Add a new tag
Caveats
  • Supply blocks, unpowered buildings, or Contaminate may cause inaccurate times.
  • Supply counts are checked every 10 seconds.